 Dungeon Sprint DCSS version 0.31-a0-1395-g7c67ea8c80 (webtiles) character file.

Game seed: 13851839436317155602

22383 Groucho the Ninja (level 12, 77/77 HPs)
             Began as a Felid Berserker on Dec 25, 2023.
             Was the Champion of Trog.
             Got out of the dungeon alive.
             The game lasted 00:09:42 (4925 turns).

Groucho the Ninja (Felid Berserker)                 Turns: 4925, Time: 00:09:43

Health: 77/77      AC:  3    Str: 13    XL:     12   Next: 62%
Magic:  13/13      EV: 35    Int: 12    God:    Trog [******]
Gold:   2314       SH:  0    Dex: 20    Spells: 11/11 levels left
                                        Lives:  2   Deaths: 0

rFire   + .          .
                       - Unarmed
rCold   + . .        (shield unavailable)
rNeg    . . .        (body armour unavailable)
rPois   .            (helmet unavailable)
rElec   .            (cloak unavailable)
rCorr   .            (gloves unavailable)
SInv    +            (boots unavailable)
Will    +....        (no amulet)
Stlth   ++++++++++   l - ring of protection from fire
HPRegen 0.32/turn    (no ring)
MPRegen 0.13/turn

%: no teleportation
@: no status effects
A: very small, claws 1, fangs 3, see invisible, shaggy fur 3, stealthy paws, no
weapons or thrown items, no armour, multi-lived
a: Renounce Religion, Berserk, Trog's Hand, Brothers in Arms


You escaped.
You worshipped Trog.
Trog was exalted by your worship.
You visited 1 branch You collected 2984 gold pieces.
You spent 670 gold pieces at shops.

Inventory:

Jewellery
 j - an amulet of faith
 l - a ring of protection from fire (left paw)
Wands
 g - a wand of light (6)
 k - a wand of iceblast (5)
 o - a wand of polymorph (3)
Scrolls
 f - a scroll of immolation {unknown}
 i - 4 scrolls of identify {unknown}
 n - 2 scrolls of fear {unknown}
 p - a scroll of poison {unknown}
 q - a scroll of revelation {unknown}
 r - 3 scrolls of fog {unknown}
 t - a scroll of enchant weapon {unknown}
Potions
 a - a potion of curing
 b - a potion of lignification {unknown}
 c - a potion of haste
 d - 2 potions of magic
 e - a potion of berserk rage
 h - 2 potions of mutation {unknown}
 m - a potion of enlightenment
 s - a potion of invisibility


   Skills:
 + Level 15.8 Fighting
 + Level 20.1 Dodging
 O Level 27 Stealth
 + Level 15.8 Unarmed Combat


You had 11 spell levels left.
You didn't know any spells.
Your spell library was empty.

Dungeon Overview and Level Annotations

Branches:
Dungeon (1/1)

Altars:
Cheibriados
Dithmenos
Elyvilon
Fedhas
Gozag
Hepliaklqana
Kikubaaqudgha
Makhleb
Nemelex Xobeh
Okawaru
Qazlal
Ru
Sif Muna
Trog
Uskayaw
Vehumet
Wu Jian
Xom
Yredelemnul
Zin
The Shining One
Jiyva
Lugonu

Shops:
D *[![?(==(??(=!*(**?[:(


Innate Abilities, Weirdness & Mutations

You have sharp claws.
You have razor-sharp teeth.
You have supernaturally acute eyesight. (SInv)
Your thick and shaggy fur keeps you warm. (AC +3, rC+)
Your paws help you pounce on unaware monsters.
You are incapable of wielding weapons or throwing items.
You cannot wear armour.
You gain extra lives every three experience levels.


Message History

You now have 2159 gold pieces (gained 13).
You see here a +0 club.
You see here a +0 club.
Found the Orb of Zot.
You now have 2179 gold pieces (gained 20).
You see here a +2 helmet.
You now have 2187 gold pieces (gained 8).
t - a scroll labelled XOMMICR ONGO You now have 2199 gold pieces (gained 12).
You now have 2226 gold pieces (gained 27).
You now have 2233 gold pieces (gained 7).
You now have 2260 gold pieces (gained 27).
You now have 2287 gold pieces (gained 27).
You now have 2314 gold pieces (gained 27).
Attack: -) Teeth and claws
Press: ? - help, Dir - move target, f - you
Okay, then.
Search for what [Enter for "flight", or ? for help]? wand You see here a +2 great sword of flaming.
You see here a +2 great sword of flaming.
There is an open door, spattered with blood here.
Things that are here:
a +0 great sword of flaming; a +2 great sword of flaming
There is an open door here.
There is an open door here.
There is an open door here.
There is an open door here.
Things that are here:
a +0 dagger; a +0 robe
There is an open door, spattered with blood here.
There is an open door here.
There is an open door here.
There is an open door here.
There is an open door here.
There is an open door here.
There is an open door, spattered with blood here.
Things that are here:
a +0 dagger; a +0 ring mail
There is a staircase leading out of the dungeon here.
You have escaped!

##################
#@.#..'..#.)'..#__
#..)..#.)'..#..'..
#..#####+#####'#__
#..####..#...#.###
#..#__####..##§#~~
#..#_____##'#§§§~§
#⌠⌠#_.∩...'..._#~~
####_..__##_.#'##'
#_____###'#.#|.


There were no monsters in sight!

Vanquished Creatures
  A golden dragon (D)
  A shadow dragon (D)
  4 fire giants (D)
  A hydra (D)
  2 centaur warriors (D)
  Sonja (D)
  A lindwurm (D)
  An oklob plant (D)
  A kobold demonologist (D)
  7 unseen horrors (D)
  A hornet (D)
  4 glass eyes (D)
  Sigmund (D)
  A slime creature (D)
  13 hogs (D)
  A yak (D)
  2 redbacks (D)
  An ogre (D)
  7 necrophages (D)
  8 jellies (D)
  Ijyb (D)
  A ballistomycete spore (D)
61 creatures vanquished.

Vanquished Creatures (collateral kills)
  4 demonic crawlers (D)
  A deep troll (D)
  8 shining eyes (D)
  A kobold demonologist (D)
  3 glass eyes (D)
17 creatures vanquished.

Vanquished Creatures (others)
  A ballistomycete spore (D)
1 creature vanquished.

Grand Total: 79 creatures vanquished

Notes
Turn   | Place    | Note
-------+----------+-------------------------------------------
     0 | D        | Groucho the Felid Berserker began the quest for the Orb.
     0 | D        | Reached XP level 1. HP: 12/12 MP: 2/2
     2 | D        | Noticed Ijyb
    10 | D        | Killed Ijyb
    11 | D        | Reached skill level 8 in Stealth
    11 | D        | Reached XP level 2. HP: 16/16 MP: 3/3
   254 | D        | Noticed an ogre
   256 | D        | Killed an ogre
   257 | D        | Reached skill level 12 in Stealth
   257 | D        | Reached XP level 3. HP: 20/20 MP: 4/4
   257 | D        | Reached XP level 4. HP: 24/24 MP: 5/5
   257 | D        | Gained a life (2 lives remaining)
   272 | D        | Noticed Sigmund
   274 | D        | Killed Sigmund
   274 | D        | Reached ** piety under Trog
   275 | D        | Reached skill level 17 in Stealth
   275 | D        | Reached XP level 5. HP: 28/28 MP: 6/6
   275 | D        | Gained mutation: You are covered in thick fur. (AC +2)
                  | [Felid growth]
   275 | D        | Reached XP level 6. HP: 32/32 MP: 7/7
   286 | D        | Found a shimmering blue altar of Sif Muna.
   287 | D        | Found an ornate altar of the Wu Jian Council.
   288 | D        | Found a radiant altar of Vehumet.
   336 | D        | Found Meamotz's Antique Armour Emporium.
   336 | D        | Found an ancient bone altar of Kikubaaqudgha.
   336 | D        | Found a hazy altar of Hepliaklqana.
   336 | D        | Found a stormy altar of Qazlal.
   336 | D        | Found a hide-covered altar of Uskayaw.
   336 | D        | Found a blossoming altar of Fedhas.
   336 | D        | Found a bloodstained altar of Trog.
   336 | D        | Found an iron altar of Okawaru.
   336 | D        | Found a basalt altar of Yredelemnul.
   336 | D        | Found a glowing golden altar of the Shining One.
   336 | D        | Found a snail-covered altar of Cheibriados.
   336 | D        | Found a sacrificial altar of Ru.
   336 | D        | Found a glowing silver altar of Zin.
   336 | D        | Found a shadowy altar of Dithmenos.
   336 | D        | Found a white marble altar of Elyvilon.
   336 | D        | Noticed a yak
   337 | D        | Found an opulent altar of Gozag.
   338 | D        | Killed a yak
   339 | D        | Reached skill level 19 in Stealth
   339 | D        | Found a sparkling altar of Nemelex Xobeh.
   355 | D        | Found a viscous altar of Jiyva.
   355 | D        | Found a corrupted altar of Lugonu.
   355 | D        | Noticed a slime creature
   356 | D        | Found a burning altar of Makhleb.
   356 | D        | Found a shimmering altar of Xom.
   358 | D        | Killed a slime creature
   359 | D        | Reached skill level 5 in Dodging
   359 | D        | Reached XP level 7. HP: 34/37 MP: 8/8
   795 | D        | Noticed a centaur warrior
   798 | D        | Noticed a centaur warrior
   799 | D        | Killed a centaur warrior
   799 | D        | Reached *** piety under Trog
   800 | D        | Reached skill level 20 in Stealth
   800 | D        | Reached XP level 8. HP: 44/44 MP: 9/9
   800 | D        | Killed a centaur warrior
   801 | D        | Reached skill level 21 in Stealth
   811 | D        | Noticed a hornet
   814 | D        | Killed a hornet
   815 | D        | Reached skill level 10 in Dodging
   815 | D        | Reached XP level 9. HP: 51/51 MP: 10/10
   825 | D        | Noticed an oklob plant
   827 | D        | Killed an oklob plant
   827 | D        | Reached **** piety under Trog
   836 | D        | Reached skill level 22 in Stealth
   862 | D        | Noticed an unseen horror
   863 | D        | Noticed an unseen horror
   881 | D        | Killed an unseen horror
   890 | D        | Killed an unseen horror
  1475 | D        | Reached ***** piety under Trog
  1990 | D        | Reached skill level 10 in Fighting
  1990 | D        | Reached skill level 10 in Unarmed Combat
  1990 | D        | Reached XP level 10. HP: 59/59 MP: 11/11
  1995 | D        | Identified the +6 short sword of Eckeot {holy, rElec Str-3
                  | Dex+2}
  2004 | D        | Identified the +0 ring mail "Erghum" {Regen+ rCorr Stlth-}
  2008 | D        | Found Orohif's Jewellery Shoppe.
  2008 | D        | Found Kueghar's Jewellery Shop.
  2008 | D        | Found Goopucud's Weapon Boutique.
  2010 | D        | Found Jeticzis's Magic Scroll Emporium.
  2010 | D        | Found Xikooc's Magic Scroll Shop.
  2010 | D        | Found Soyn Isu's Antique Weapon Shoppe.
  2010 | D        | Found Oliur's Jewellery Boutique.
  2010 | D        | Found Hilulalu's Distillery.
  2010 | D        | Found Viczuh's General Store.
  2010 | D        | Found Jill's Antique Weapon Shoppe.
  2014 | D        | Found Cutwucen's General Store.
  2015 | D        | Found Usiagg's Magic Scroll Emporium.
  2015 | D        | Found Xelur's Assorted Antiques.
  2016 | D        | Found Womnaona's Book Emporium.
  2024 | D        | Bought a runed iron wand for 132 gold pieces
  2039 | D        | Bought a ring of protection from fire for 275 gold pieces
  2045 | D        | Bought a potion of enlightenment for 55 gold pieces
  2087 | D        | Noticed a deep troll
  2092 | D        | Killed a deep troll
  2093 | D        | Reached skill level 23 in Stealth
  2426 | D        | Found Kydgh's Armour Emporium.
  2438 | D        | Noticed Sonja
  2441 | D        | Killed Sonja
  2485 | D        | Found Syrgh's Assorted Antiques.
  2493 | D        | Bought a fluorescent wand for 120 gold pieces
  2524 | D        | Reached ****** piety under Trog
  2757 | D        | Noticed a demonic crawler
  2757 | D        | Noticed a demonic crawler
  2757 | D        | Noticed a demonic crawler
  2757 | D        | Noticed a demonic crawler
  2765 | D        | Killed a demonic crawler
  2773 | D        | Killed a demonic crawler
  2774 | D        | Reached skill level 24 in Stealth
  2774 | D        | Killed a demonic crawler
  2775 | D        | Reached skill level 15 in Dodging
  2776 | D        | Killed a demonic crawler
  2777 | D        | Reached XP level 11. HP: 8/66 MP: 12/12
  3334 | D        | Noticed a lindwurm
  3336 | D        | Killed a lindwurm
  3402 | D        | Reached skill level 25 in Stealth
  3680 | D        | Noticed a 12-headed hydra
  3682 | D        | Killed a 12-headed hydra
  3746 | D        | Noticed a shadow dragon
  3746 | D        | Noticed a golden dragon
  3751 | D        | Killed a shadow dragon
  3753 | D        | Killed a golden dragon
  3816 | D        | Found Cymipsio's Antique Weapon Shoppe.
  3905 | D        | Noticed a shining eye
  3905 | D        | Noticed a shining eye
  3905 | D        | Noticed a shining eye
  3905 | D        | Noticed a shining eye
  3905 | D        | Noticed a shining eye
  3905 | D        | Noticed a shining eye
  3908 | D        | Killed a shining eye
  3909 | D        | Reached skill level 26 in Stealth
  3909 | D        | Killed a shining eye
  3910 | D        | Killed a shining eye
  3911 | D        | Killed a shining eye
  3912 | D        | Gained mutation: Your thick and shaggy fur keeps you warm.
                  | (AC +3, rC+) [Felid growth]
  3912 | D        | Reached XP level 12. HP: 75/75 MP: 13/13
  3923 | D        | Found Eckiu's Magic Scroll Shop.
  3923 | D        | Found Ahodugis's Antique Armour Shoppe.
  3923 | D        | Found Ofobetuh's Antique Weapon Boutique.
  3923 | D        | Found Wiegrun's Distillery.
  3948 | D        | Bought a potion of invisibility for 88 gold pieces
  4017 | D        | Noticed a daeva
  4038 | D        | Reached skill level 15 in Fighting
  4038 | D        | Reached skill level 15 in Unarmed Combat
  4049 | D        | Noticed a fire giant
  4062 | D        | Noticed a fire giant
  4065 | D        | Killed a fire giant
  4066 | D        | Reached skill level 27 in Stealth
  4068 | D        | Killed a fire giant
  4436 | D        | Noticed a fire giant
  4437 | D        | Noticed a fire giant
  4446 | D        | Killed a fire giant
  4449 | D        | Killed a fire giant
  4925 | D        | Got out of the dungeon alive.

Illustrated notes

Levels and vault maps discovered:
D:        dungeon_sprint_1 [red_sonja_temple_1, red_sonja_temple_small_1]

Skill      XL: |  1  2  3  4  5  6  7  8  9 10 11 12 |
---------------+-------------------------------------+-----
Stealth        | 8 12 17 19 20 21 22 24 26 27 | 27.0
Fighting       | 4 6 7 10 12 14 15 | 15.8
Dodging        | 5 8 10 12 15 18 20 | 20.1
Unarmed Combat | 4 6 7 10 12 14 15 | 15.8

Action                     |  1- 3 |  4- 6 |  7- 9 | 10-12 || total
---------------------------+-------+-------+-------+-------++-------
  Melee: Unarmed           |     7 |    14 |    52 |    97 ||   170
         Punch             |     1 |     1 |       |    15 ||    17
         Bite              |       |     1 |     7 |    12 ||    20
 Invoke: Berserk           |     1 |       |     3 |     2 ||     6
         Trog's Hand       |       |       |     3 |     1 ||     4
         Brothers in Arms  |       |       |       |     7 ||     7
  Evoke: Wand              |       |       |       |     3 ||     3
    Use: Potion            |       |     1 |       |     2 ||     3
         Scroll            |       |       |     1 |       ||     1
   Stab: Sleeping          |     1 |     3 |    10 |    11 ||    25
         Invisible         |       |       |       |     5 ||     5
 Armour: Skin              |       |     1 |    14 |    25 ||    40
  Dodge: Dodged            |     5 |     9 |    66 |    89 ||   169

Table legend: (Time is in decaauts)
 A = Elapsed time spent in this place.
 B = Non-inter-level travel time spent in this place.
 C = Inter-level travel time spent in this place.
 D = Time resting spent in this place.
 E = Time spent auto-exploring this place.
 F = Levels seen in this place.
 G = Mean time per level.
                   A        B        C        D        E       F      G
               +--------+--------+--------+--------+--------+-----+--------+
         Total |   4940 |   4820 |    120 |   3800 |      0 |   1 | 4940.0 |
       Dungeon |   4940 |   4820 |    120 |   3800 |      0 |   1 | 4940.0 |
               +--------+--------+--------+--------+--------+-----+--------+

Top non-repeatable levels by time:
       D: 4940 daAuts
